 Dungeon Crawl Stone Soup version 0.20.1-1-g8b1a95d (webtiles) character file.

661182 manon the Conqueror (level 27, -25/273 HPs)
             Began as a Minotaur Berserker on Sept 24, 2017.
             Was the Champion of Trog.
             Killed from afar by an orb of fire (64 damage)
             ... with a fireball
             ... on level 4 of the Realm of Zot on Sept 28, 2017.
             The game lasted 09:58:05 (61842 turns).

manon the Conqueror (Minotaur Berserker)           Turns: 61842, Time: 09:58:06

Health: -25/273    AC: 38    Str: 32    XL:     27
Magic:  20/27      EV: 32    Int:  7    God:    Trog [******]
Gold:   4947       SH:  0    Dex: 23    Spells: 26/26 levels left

rFire    . . .     SeeInvis +   c - +9 battleaxe (vamp)
rCold    . . .     Gourm    .   (shield currently unavailable)
rNeg     + + +     Faith    .   y - +3 pearl dragon scales "Yffonwon" {*Drain rElec rN+ Regen+ rCorr}
rPois    .         Spirit   .   i - +1 hat of Duck's Teeth {rN++ Regen+}
rElec    +         Reflect  .   n - +2 cloak of Eczanuc {Str+2 Dex+3 Slay+3}
rCorr    +         Harm     .   x - +3 pair of gauntlets of War {Slay+5}
MR       ++++.                  e - +2 pair of boots {run}
Stlth    ..........             r - amulet of regeneration
Regen    1.8/turn               p - ring of see invisible
MPRegen  0.2/turn               M - ring of the Mage {Wiz MR++ Int+3}

@: mighty, about to teleport, hasted, very quick
A: retaliatory headbutt, horns 2, blink, blurry vision 1, sense surroundings 2
}: 5/15 runes: decaying, slimy, silver, abyssal, gossamer
a: Blink, Berserk, Trog's Hand, Brothers in Arms, Burn Spellbooks, Renounce
Religion


You were on level 4 of the Realm of Zot.
You worshipped Trog.
Trog was exalted by your worship.
You were hungry.

You visited 12 branches of the dungeon, and saw 55 of its levels.
You visited the Abyss 1 time.
You also visited: Trove, Ice Cave and Wizlab.

You collected 8786 gold pieces.
You spent 3839 gold pieces at shops.

Inventory:

Hand Weapons
 a - a +9 executioner's axe of flaming
 b - the +8 longbow "Zephyr" {speed, Dex+3 SInv}
   (Trog gifted it to you on level 4 of the Swamp)

   Attacks with this weapon are significantly faster.
   It affects your dexterity (+3).
   It lets you see invisible.
 c - a +9 vampiric battleaxe (weapon)
Missiles
 u - 2018 arrows
 E - a throwing net (quivered) {!f}
Armour
 e - a +2 pair of boots of running (worn)
 i - the +1 hat of Duck's Teeth (worn) {rN++ Regen+}
   (You acquired it on level 4 of the Lair of Beasts)

   It greatly protects you from negative energy.
   It increases your rate of regeneration.
 n - the +2 cloak of Eczanuc (worn) {Str+2 Dex+3 Slay+3}
   (You found it in a treasure trove)

   It affects your strength (+2).
   It affects your dexterity (+3).
   It affects your accuracy and damage with ranged weapons and melee attacks
   (+3).
 x - the +3 pair of gauntlets of War (worn) {Slay+5}
   (You acquired it on level 4 of the Lair of Beasts)

   It affects your accuracy and damage with ranged weapons and melee attacks
   (+5).
 y - the +3 pearl dragon scales "Yffonwon" (worn) {*Drain rElec rN+ Regen+ rCorr}
   (You took it off a yaktaur captain on level 5 of the Vaults)

   It insulates you from electricity.
   It protects you from negative energy.
   It increases your rate of regeneration.
   It protects you from acid and corrosion.
   It causes draining when unequipped.
 K - a +2 pair of boots of flying
 W - a scarf of resistance
Jewellery
 d - the ring "Wetras" {+Blink rC+ MR+++ AC+1 Dex-3}
   (You took it off a deep elf knight on level 5 of the Vaults)

   [ring of protection]

   It affects your AC (+1).
   It affects your dexterity (-3).
   It protects you from cold.
   It affects your resistance to hostile enchantments.
   It lets you blink.
 f - an uncursed ring of protection from fire
 p - a ring of see invisible (left hand)
 q - an uncursed amulet of the gourmand
 r - an amulet of regeneration (around neck)
 M - the ring of the Mage (right hand) {Wiz MR++ Int+3}
   (You found it in an ice cave)

   [ring of wizardry]

   It improves your spell success rate.
   It affects your intelligence (+3).
   It affects your resistance to hostile enchantments.
 N - a +2 ring of slaying
Wands
 G - a wand of iceblast (12/15)
 U - a wand of clouds (3/9)
 V - a wand of digging (23/24)
Scrolls
 k - 8 scrolls of fog
 l - 4 scrolls of blinking
 m - a scroll of enchant armour
 t - 3 scrolls of silence
 v - 25 scrolls of teleportation
 w - 26 scrolls of remove curse
 A - 4 scrolls of enchant weapon
 B - 6 scrolls of fear
 D - 6 scrolls of summoning
 F - 2 scrolls of brand weapon
 I - 7 scrolls of magic mapping
 J - 6 scrolls of identify
 L - 7 scrolls of recharging
 X - 6 scrolls of holy word
Potions
 g - 3 potions of invisibility
 h - 32 potions of curing
 o - a potion of resistance
 s - 4 potions of cancellation
 C - 5 potions of ambrosia
 H - 10 potions of agility
 O - 8 potions of heal wounds
 P - 5 potions of mutation {!q}
 S - 11 potions of might
 T - 7 potions of haste
Miscellaneous
 j - a lamp of fire
 R - 3 phantom mirrors
 Y - 3 sacks of spiders
Comestibles
 z - 30 meat rations
 Q - 11 royal jellies
 Z - 25 bread rations


   Skills:
 O Level 27 Fighting
 - Level 26.0 Axes
 - Level 16.9 Bows
 * Level 24.7 Armour
 + Level 24.1 Dodging
 - Level 7.6 Evocations


You had 26 spell levels left.
You didn't know any spells.

Dungeon Overview and Level Annotations

Branches:
Dungeon (15/15)            Temple (1/1) D:5            Lair (6/6) D:9
  Swamp (4/4) Lair:3       Spider (4/4) Lair:3        Slime (5/5) Lair:5
    Orc (2/2) D:11            Elf (3/3) Orc:2        Vaults (5/5) D:13
  Crypt (1/3) Vaults:3     Depths (5/5) D:15            Zot (4/5) Depths:5

Altars:
Ashenzari
Elyvilon
Fedhas
Hepliaklqana
Kikubaaqudgha
Makhleb
Okawaru
Ru
Sif Muna
Uskayaw
Yredelemnul
Zin
The Shining One
Beogh
Jiyva
Lugonu

Shops:
D:7 !   D:13 =   Orc:2 ?[(%   Elf:2 ([([   Elf:3 }([=[   Vaults:2 ?(:
Vaults:4 :   Depths:4 [!!}[   Depths:5 :

Portals:
Hell: Depths:1 Depths:2 Depths:3 Depths:4 Depths:5
Abyss: Depths:1 Depths:4 Depths:5
Pandemonium: Depths:1 Depths:2 Depths:3
Ziggurat: Depths:4

Annotations:
D:4 Sigmund
D:5 1 runed door
Lair:2 exclusion: 2 oklob plants
Slime:4 Dissolution
Elf:2 5 runed doors


Innate Abilities, Weirdness & Mutations

You reflexively headbutt those who attack you in melee.
You have a pair of horns on your head.
You can translocate small distances at will.
Scrolls take you a little longer to read.
You passively map the area around you.


Message History

You feel very mighty all of a sudden.
You closely miss the orb of fire. Your headbutt misses the orb of fire.
The orb of fire emits a lurid red light.
The bolt of fire hits you!
* * * LOW HITPOINT WARNING * * *
You hit the orb of fire.
You headbutt the orb of fire, but do no damage.
The orb of fire is lightly damaged.
The orb of fire glows red.
The fireball explodes!
The fireball engulfs you!
* * * LOW HITPOINT WARNING * * *
The fireball engulfs the orb of fire.
The orb of fire completely resists.
You blink.
You feel slightly more hungry.
You feel much better.
The orb of fire emits a lurid red light.
The bolt of fire misses you.
You feel yourself speed up.
The orb of fire glows red.
The fireball explodes!
The fireball engulfs you!
You die...

....# * ....#### *
....'..########### * * **
....##............ , ,
....####.#######..,,, ** * *
....# #.# #.# * * * ....# #.#
#.# * ....# #.# #.# ,
....####'### #@# #####+###*
...§.§.§.."# #*# #........,
≈≈§≈§≈≈...# #d# #.......[,
≈≈§≈≈§≈...#####d#######d.......,
,≈≈≈§§§≈...##........*d'........
≈≈§≈§§≈...##.##########q.......
§≈≈≈≈≈§...##.# #.......§
,§≈≈§≈≈≈...##.# #.......q ,
.§...)...'..# #........


You could see an orb of fire, a green draconian and a white draconian.

Vanquished Creatures
  the Royal Jelly (Slime:5)
  An orb of fire (Zot:4)
  4 ancient liches
  Mara (Vaults:5)
  A juggernaut (Depths:5)
  A Killer Klown (Zot:3)
  Frederick (Vaults:5)
  Bai Suzhen (Spider:3)
  3 curse toes
  A caustic shrike (Depths:3)
  8 golden dragons
  Jory (Vaults:2)
  2 bone dragons
  3 electric golems
  Jorgrun (Elf:3)
  6 liches
  A Hell Sentinel (Abyss:3)
  8 tentacled monstrosities
  2 deep elf blademasters (Elf:3)
  9 quicksilver dragons
  4 titans
  14 acid blobs
  2 deep elf master archers (Elf:3)
  4 death cobs (Zot:2)
  4 tentacled starspawn (Abyss:3)
  The ghost of Dirian the Slayer, an adept MiFi of Makhleb (Swamp:4)
  10 tengu reavers
  Kirke (Swamp:1)
  4 sphinxes
  2 thorn hunters
  7 storm dragons
  Agnes (Spider:4)
  9 shadow dragons
  Donald (Elf:3)
  21 fire giants
  5 azure jellies
  4 ghost moths
  2 draconian scorchers
  5 deep elf sorcerers
  7 frost giants
  3 iron dragons
  4 draconian knights
  3 balrugs
  13 vault wardens
  A juggernaut zombie (Depths:2)
  7 emperor scorpions
  6 draconian shifters
  2 orc warlords
  A curse skull (Crypt:1)
  Aizul (Swamp:3)
  5 deep elf elementalists
  2 draconian annihilators (Zot:4)
  A draconian stormcaller (Zot:1)
  A spriggan defender (Depths:4)
  4 ghouls
  A war gargoyle (Vaults:5)
  22 very ugly things
  17 ironheart preservers
  17 stone giants
  5 vampire knights
  6 entropy weavers
  The ghost of Thaneod the Arsonist, a journeyman HOFE of Vehumet (Orc:1)
  14 deep elf demonologists
  9 purple draconians
  14 deep elf annihilators
  5 green draconians
  9 spark wasps
  7 white draconians
  3 black draconians
  27 ettins
  11 red draconians
  8 yellow draconians
  A mummy priest (Crypt:1)
  6 death oozes
  6 deep elf death magi
  A blizzard demon (Depths:1)
  An eidolon (Crypt:1)
  23 yaktaur captains
  A jiangshi (Crypt:1)
  6 deep elf high priests
  A quicksilver dragon zombie (Crypt:1)
  18 fire dragons
  The ghost of shugdite the Fencer, a journeyman MiFi of Okawaru (D:10)
  15 ice dragons
  8 rakshasas
  14 great orbs of eyes
  5 spriggan air magi
  27 vault guards
  22 hydras
  30 two-headed ogres
  13 dancing weapons
  The ghost of Zgarb the Geomancer, a journeyman GrEE of Vehumet (Lair:1)
  2 tengu warriors
  14 centaur warriors
  12 ogre magi
  3 death knights
  14 spriggan berserkers
  8 deep troll shamans
  9 alligators
  4 thrashing horrors (Abyss:3)
  5 deep troll earth magi
  11 vampire magi
  A queen ant (Spider:2)
  5 orc high priests
  2 sun demons (Abyss:3)
  13 deep elf knights
  A titan skeleton (Depths:2)
  2 soul eaters (Depths:2)
  3 wretched stars (Abyss:3)
  12 skeletal warriors
  Nergalle (D:10)
  A shadow wraith (Depths:2)
  An iron troll (Depths:1)
  A spatial maelstrom (Abyss:3)
  An entropy weaver zombie (Crypt:1)
  A golden dragon zombie (Crypt:1)
  2 unseen horrors (shapeshifter)
  23 deep trolls
  2 sea snakes (shapeshifter)
  6 glowing orange brains
  6 hell knights
  2 spriggan druids
  8 wizards
  8 flayed ghosts
  16 small abominations
  A swamp dragon (shapeshifter) (Depths:4)
  An unseen horror (D:13)
  19 deep elf archers
  9 swamp dragons
  A spark wasp zombie (Depths:2)
  6 phantasmal warriors
  24 orb spiders
  20 ironbrand convokers
  5 shambling mangroves
  30 wolf spiders
  8 necromancers
  5 orc sorcerers
  Pikel (D:9)
  A harpy (Vaults:2)
  2 tengu skeletons
  43 ugly things
  38 deep elf magi
  13 orc knights
  6 shining eyes
  A fire giant zombie (Depths:2)
  A sphinx skeleton (Depths:2)
  2 worldbinders
  3 cyclopes
  21 moths of wrath
  10 elephants (Lair:6)
  7 centaur zombies
  12 vault sentinels
  A frost giant skeleton (Depths:1)
  2 spriggan zombies (Depths:2)
  A black mamba (shapeshifter) (Vaults:3)
  A salamander (shapeshifter) (Vaults:4)
  2 gargoyles
  2 ice statues (IceCv)
  An eye of devastation (Slime:5)
  An orange demon (Abyss:3)
  3 black mambas
  6 centaur skeletons
  2 smoke demons (Abyss:3)
  A stone giant skeleton (Depths:2)
  An emperor scorpion zombie (Abyss:3)
  An eye of devastation (shapeshifter) (Vaults:1)
  7 rime drakes
  2 kobold demonologists (Crypt:1)
  55 yaktaurs
  3 efreet
  13 komodo dragons
  9 spiny frogs
  2 komodo dragons (shapeshifter)
  5 freezing wraiths
  8 demonic crawlers
  A spriggan skeleton (Depths:2)
  An ice devil (Depths:1)
  A hellwing (Abyss:3)
  A spectral human (Depths:2)
  5 ancient zymes (Abyss:3)
  2 tengu conjurers
  A harpy zombie (D:15)
  A silent spectre (Abyss:3)
  48 jumping spiders
  A jumping spider (shapeshifter) (Depths:3)
  3 meliai (D:14)
  10 trolls
  11 large abominations
  7 tyrant leeches
  7 polar bears
  Prince Ribbit (D:7)
  25 hornets
  2 trolls (shapeshifter)
  Grinder (D:3)
  10 raiju (Abyss:3)
  68 slime creatures
  11 bog bodies
  A snapping turtle (shapeshifter) (Elf:2)
  2 hydra skeletons (Crypt:1)
  25 blink frogs
  11 hippogriffs
  A slime creature (shapeshifter) (Vaults:4)
  A human simulacrum (Vaults:1)
  A frost giant simulacrum (Depths:1)
  An ice dragon zombie (Crypt:1)
  A dream sheep (Lair:6)
  22 spriggans
  8 flying skulls (Crypt:1)
  7 air elementals
  13 starcursed masses (Abyss:3)
  A centaur simulacrum (D:11)
  2 vampires
  76 redbacks
  4 ettin skeletons
  A tarantella (shapeshifter) (Depths:3)
  31 yaks
  A ynoxinul (Abyss:3)
  3 fire elementals
  20 tarantellas
  4 wyverns
  7 shadows
  8 water elementals
  8 wraiths
  5 hogs (Swamp:1)
  7 basilisks
  3 chaos spawn (Abyss:3)
  2 hungry ghosts
  22 vampire mosquitoes
  3 neqoxecs
  6 golden eyes
  A warg (shapeshifter) (Vaults:3)
  16 swamp worms
  5 insubstantial wisps (Swamp:2)
  A spatial vortex (Abyss:3)
  An acid dragon (shapeshifter) (Vaults:5)
  8 wargs
  An acid dragon (Vaults:2)
  A water moccasin (shapeshifter) (Vaults:4)
  14 water moccasins
  4 soldier ants
  A water nymph skeleton (Crypt:1)
  Duvessa (D:5)
  6 floating eyes
  4 hell hounds (Abyss:3)
  17 ice beasts
  11 porcupines
  A dream sheep zombie (Crypt:1)
  39 orc warriors
  20 swamp drakes
  An eye of draining (shapeshifter) (Depths:2)
  A hornet zombie (D:15)
  6 necrophages
  An ettin simulacrum (Vaults:2)
  8 eyes of draining
  9 black bears
  3 sky beasts
  2 slaves (D:9)
  14 boggarts
  31 ogres
  2 phantoms
  41 wolves
  16 crocodiles
  30 centaurs
  A snapping turtle skeleton (Abyss:3)
  An elf zombie (Crypt:1)
  4 big kobolds
  23 bullfrogs
  5 wyvern zombies
  Dowan (D:5)
  2 earth elementals (Elf:2)
  3 scorpions
  15 killer bees
  16 wights
  7 electric eels
  3 howler monkeys (D:8)
  12 crimson imps
  2 quasits
  A demonspawn zombie (Crypt:1)
  9 jellies
  40 orc wizards
  An elf simulacrum (Crypt:1)
  16 orc priests
  5 hounds
  Ijyb (D:3)
  A bullfrog skeleton (D:5)
  An iron imp (Abyss:3)
  11 iguanas
  22 worker ants
  2 killer bee zombies
  A hound skeleton (D:8)
  A worker ant zombie (D:5)
  5 gnolls
  15 adders
  A swamp drake skeleton (Crypt:1)
  2 shadow imps
  A white imp (Abyss:3)
  3 ufetubi
  2 oozes
  3 adder skeletons
  3 adder zombies
  3 worms
  2 dart slugs (D:1)
  6 leopard geckos
  120 orcs
  5 giant cockroaches
  9 goblins
  9 hobgoblins
  7 jackals
  29 kobolds
  4 quokkas
  2 ball pythons (D:2)
  7 bats
  6 frilled lizards
  A jackal skeleton (D:5)
  A kobold skeleton (Crypt:1)
  A leopard gecko skeleton (D:7)
  A leopard gecko zombie (D:5)
  6 rats
  A river rat skeleton (Crypt:1)
  5 crawling corpses
  4 fungi
  A lurking horror (Abyss:3)
  3 plants
  2 starspawn tentacles (Abyss:3)
2533 creatures vanquished.

Vanquished Creatures (collateral kills)
  Arachne (Spider:4)
  2 acid blobs (Slime:5)
  3 azure jellies (Slime:5)
  A ghost moth (Spider:4)
  2 death oozes (Slime:5)
  An ettin (Vaults:5)
  3 hydras
  A wretched star (Abyss:3)
  An orb spider (Spider:4)
  A rust devil (Abyss:3)
  A yaktaur (Vaults:1)
  A jumping spider (Spider:4)
  A redback (Spider:4)
  A neqoxec (Abyss:3)
  A swamp worm (Swamp:3)
  A necrophage (Swamp:4)
22 creatures vanquished.

Vanquished Creatures (others)
  A fire giant (Zot:3)
  A tengu conjurer (Depths:4)
  A redback (Spider:4)
  A tarantella (Spider:1)
  2 humans (Swamp:1)
  A vampire mosquito (Swamp:2)
  An ogre (Depths:3)
  A small abomination (Abyss:3)
  A hound (D:9)
  8 fungi (Lair:6)
  33 plants
  2 starspawn tentacles (Abyss:3)
53 creatures vanquished.

Grand Total: 2608 creatures vanquished

Notes
Turn   | Place    | Note
-------+----------+-------------------------------------------
     0 | D:1      | manon the Minotaur Berserker began the quest for the Orb.
     0 | D:1      | Reached XP level 1. HP: 19/19 MP: 0/0
   218 | D:1      | Reached skill level 4 in Fighting
   218 | D:1      | Reached XP level 2. HP: 23/27 MP: 1/1
   974 | D:2      | Reached XP level 3. HP: 26/33 MP: 2/2
   977 | D:2      | Found an ancient bone altar of Kikubaaqudgha.
  1058 | D:2      | Reached ** piety under Trog
  1359 | D:2      | Reached skill level 5 in Axes
  1582 | D:2      | Reached XP level 4. HP: 40/41 MP: 3/3
  2035 | D:3      | Noticed Grinder
  2071 | D:3      | Paralysed by Grinder for 7 turns
  2084 | D:3      | Killed Grinder
  2084 | D:3      | Reached skill level 5 in Fighting
  2084 | D:3      | Reached XP level 5. HP: 42/48 MP: 4/4
  2084 | D:3      | Reached XP level 6. HP: 49/56 MP: 5/5
  2286 | D:3      | Noticed Ijyb
  2299 | D:3      | Killed Ijyb
  2773 | D:4      | Reached *** piety under Trog
  2773 | D:4      | Reached skill level 6 in Fighting
  2773 | D:4      | Reached XP level 7. HP: 59/63 MP: 6/6
  2811 | D:4      | Noticed Sigmund
  2835 | D:5      | Entered Level 5 of the Dungeon
  3063 | D:5      | Found a runed door.
  3137 | D:5      | Reached skill level 1 in Evocations
  3191 | D:5      | Reached skill level 7 in Fighting
  3297 | D:5      | Noticed Duvessa
  3298 | D:5      | Noticed Dowan
  3303 | D:5      | Killed Duvessa
  3303 | D:5      | Reached XP level 8. HP: 71/71 MP: 6/8
  3306 | D:5      | Killed Dowan
  3358 | D:5      | Found a staircase to the Ecumenical Temple.
  3426 | D:5      | Reached skill level 10 in Axes
  3819 | D:5      | Found a hazy altar of Hepliaklqana.
  4051 | D:6      | Reached **** piety under Trog
  4070 | D:6      | Reached skill level 8 in Fighting
  4230 | D:6      | You fall through a shaft!
  4261 | D:7      | Reached XP level 9. HP: 68/79 MP: 10/10
  5024 | D:6      | Found a white marble altar of Elyvilon.
  5348 | D:7      | Found Vuphakh's Distillery.
  5362 | D:7      | Bought a potion of curing for 42 gold pieces
  5362 | D:7      | Bought a potion of might for 56 gold pieces
  5362 | D:7      | Bought a potion of haste for 140 gold pieces
  5425 | D:7      | Reached skill level 1 in Bows
  5433 | D:7      | Noticed Prince Ribbit
  5472 | D:7      | Killed Prince Ribbit
  5472 | D:7      | Reached skill level 9 in Fighting
  5633 | D:7      | Reached ***** piety under Trog
  6255 | D:7      | Reached XP level 10. HP: 79/91 MP: 11/11
  6286 | D:7      | Noticed a two-headed ogre
  6318 | D:7      | Killed a two-headed ogre
  6402 | D:7      | Found an iron altar of Okawaru.
  6749 | D:8      | Reached skill level 10 in Fighting
  7265 | D:8      | Received a gift from Trog
  7516 | D:9      | Reached skill level 5 in Bows
  7760 | D:9      | Found a shattered altar of Ashenzari.
  7819 | D:9      | Found a deep blue altar of Sif Muna.
  7894 | D:9      | Found a staircase to the Lair.
  7929 | D:9      | Noticed Pikel
  7940 | D:9      | Killed Pikel
  8154 | D:9      | Found a blossoming altar of Fedhas.
  8156 | D:9      | You fall through a shaft!
  8156 | D:10     | Entered Level 10 of the Dungeon
  8159 | D:10     | Got a crude ring mail
  8160 | D:10     | Identified the cursed +0 ring mail of Kikubaaqudgha's Wrath {rElec rC+ Regen+ Str+4} (You found it on level 10 of the Dungeon)
  8216 | D:10     | Noticed Nergalle
  8235 | D:10     | Killed Nergalle
  8283 | D:10     | Noticed shugdite's ghost (journeyman MiFi)
  8298 | D:10     | Killed shugdite's ghost
  8298 | D:10     | Reached XP level 11. HP: 101/101 MP: 13/13
  8350 | D:10     | Noticed a two-headed ogre
  8356 | D:10     | Killed a two-headed ogre
  8477 | Lair:1   | Entered Level 1 of the Lair of Beasts
  8486 | Lair:1   | Received a gift from Trog
  8486 | Lair:1   | Reached skill level 5 in Evocations
  8635 | Lair:1   | Reached skill level 11 in Fighting
  8791 | Lair:1   | Noticed Zgarb's ghost (journeyman GrEE)
  8806 | Lair:1   | Killed Zgarb's ghost
  8868 | Lair:1   | Received a gift from Trog
  8868 | Lair:1   | Reached skill level 5 in Dodging
  9362 | Lair:2   | Found a frozen archway.
  9384 | IceCv    | Entered an ice cave
  9753 | IceCv    | Noticed an ice dragon
  9758 | IceCv    | Noticed an ice dragon
  9761 | IceCv    | Killed an ice dragon
  9761 | IceCv    | Reached XP level 12. HP: 110/110 MP: 15/15
  9765 | IceCv    | Killed an ice dragon
 10040 | Lair:2   | Reached skill level 15 in Axes
 10563 | Lair:2   | Reached skill level 12 in Fighting
 11256 | Lair:3   | Received a gift from Trog
 11378 | Lair:3   | Noticed a seven-headed hydra
 11423 | Lair:3   | Killed a seven-headed hydra
 11611 | Lair:3   | Found a hole to the Spider Nest.
 12494 | Lair:4   | Identified 2 scrolls of acquirement
 12502 | Lair:4   | Got a heavily runed hat
 12508 | Lair:4   | Identified the +1 hat of Duck's Teeth {rN++ Regen+} (You acquired it on level 4 of the Lair of Beasts)
 12531 | Lair:5   | Noticed a five-headed hydra
 12540 | Lair:5   | Killed a five-headed hydra
 12627 | Lair:5   | Reached XP level 13. HP: 119/119 MP: 17/17
 12682 | Lair:5   | Reached skill level 10 in Bows
 13346 | Lair:6   | Entered Level 6 of the Lair of Beasts
 14122 | Lair:6   | Received a gift from Trog
 14372 | Lair:6   | Reached skill level 13 in Fighting
 14443 | Lair:6   | Received a gift from Trog
 14648 | Lair:6   | Reached skill level 5 in Armour
 14990 | Lair:6   | Reached XP level 14. HP: 129/129 MP: 18/18
 15185 | Lair:6   | Reached ****** piety under Trog
 15686 | Lair:6   | Received a gift from Trog
 15935 | Lair:5   | Found a viscous altar of Jiyva.
 15936 | Lair:5   | Found a staircase to the Slime Pits.
 16482 | Lair:3   | Found a staircase to the Swamp.
 17480 | D:11     | Got a pair of encrusted gloves
 17491 | D:11     | Identified the +0 pair of gloves of the Worm {*Slow rN++ Int+3 Dex-4} (You acquired it on level 11 of the Dungeon)
 17912 | D:11     | Received a gift from Trog
 18062 | D:11     | Found a staircase to the Orcish Mines.
 18069 | D:11     | Found a roughly hewn altar of Beogh.
 18132 | D:11     | Got a smoking bone ring
 18133 | D:11     | Identified the ring "Kois" {rCorr Int+3} (You found it on level 11 of the Dungeon)
 18311 | Orc:1    | Entered Level 1 of the Orcish Mines
 18539 | Orc:2    | Entered Level 2 of the Orcish Mines
 18539 | Orc:2    | Found a staircase to the Elven Halls.
 18924 | Orc:2    | Received a gift from Trog
 19013 | Orc:2    | Reached skill level 10 in Dodging
 19557 | Orc:2    | Received a gift from Trog
 19701 | Orc:2    | Found Oliteceg's Magic Scroll Shoppe.
 19701 | Orc:2    | Found Unuimpofu's Food Boutique.
 19706 | Orc:2    | Found Nitenarr's Antique Armour Shoppe.
 19706 | Orc:2    | Found Buoci's Antique Weapon Boutique.
 19714 | Orc:2    | Bought a scroll of noise for 14 gold pieces
 19714 | Orc:2    | Bought a scroll of identify for 28 gold pieces
 19714 | Orc:2    | Bought a scroll of identify for 28 gold pieces
 19714 | Orc:2    | Bought a scroll of identify for 28 gold pieces
 19893 | Orc:1    | Noticed Thaneod's ghost (journeyman HOFE)
 19909 | Orc:1    | Killed Thaneod's ghost
 20053 | Orc:2    | Noticed an orc warlord
 20054 | Orc:2    | Reached skill level 14 in Fighting
 20074 | Orc:2    | Killed an orc warlord
 20384 | Swamp:1  | Entered Level 1 of the Swamp
 20467 | Swamp:1  | Received a gift from Trog
 20472 | Swamp:1  | Noticed Kirke
 20488 | Swamp:1  | Killed Kirke
 21121 | Swamp:2  | Reached XP level 15. HP: 119/138 MP: 19/19
 22233 | Swamp:3  | Received a gift from Trog
 22342 | Swamp:3  | Noticed a thorn hunter
 22350 | Swamp:3  | Killed a thorn hunter
 22353 | Swamp:3  | Noticed Aizul
 22364 | Swamp:3  | Killed Aizul
 22802 | Swamp:4  | Entered Level 4 of the Swamp
 23044 | Swamp:4  | Noticed Dirian's ghost (adept MiFi)
 23064 | Swamp:4  | Killed Dirian's ghost
 23467 | Swamp:4  | Received a gift from Trog
 23729 | Swamp:4  | Reached skill level 15 in Fighting
 24116 | Swamp:3  | Reached skill level 10 in Armour
 24245 | Swamp:4  | Reached XP level 16. HP: 129/149 MP: 20/20
 24315 | Swamp:4  | Noticed a thorn hunter
 24354 | Swamp:4  | Killed a thorn hunter
 24681 | Swamp:4  | Got a decaying rune of Zot
 25453 | Spider:1 | Entered Level 1 of the Spider Nest
 26150 | D:12     | Received a gift from Trog
 27147 | D:13     | Found a gate to the Vaults.
 27322 | D:13     | Found Vumaasch's Jewellery Shop.
 27330 | D:13     | Bought a cursed ring of loudness for 58 gold pieces
 27330 | D:13     | Bought a cursed ring of teleportation for 58 gold pieces
 27763 | D:14     | Received a gift from Trog
 27918 | D:14     | Got a jewelled whip
 27919 | D:14     | Identified the +8 whip "Yceth" {slash, Str+4 SInv} (You found it on level 14 of the Dungeon)
 28748 | D:15     | Entered Level 15 of the Dungeon
 28790 | D:15     | Reached skill level 16 in Fighting
 28949 | D:15     | Found a staircase to the Depths.
 29109 | D:15     | Received a gift from Trog
 29900 | Vaults:1 | Entered Level 1 of the Vaults
 29994 | Vaults:1 | Reached XP level 17. HP: 89/159 MP: 21/21
 30780 | Vaults:1 | Noticed a Hell Sentinel
 30807 | Vaults:1 | Reached skill level 17 in Fighting
 31359 | Vaults:1 | Received a gift from Trog
 31769 | Vaults:2 | Received a gift from Trog
 31881 | Vaults:2 | Found Girror's Weapon Shop.
 31949 | Vaults:2 | Received a gift from Trog
 32068 | Vaults:2 | Reached skill level 18 in Fighting
 32560 | Vaults:2 | Reached XP level 18. HP: 154/173 MP: 22/22
 32569 | Vaults:2 | Reached skill level 15 in Bows
 32572 | Vaults:2 | Received a gift from Trog
 32846 | Vaults:2 | Received a gift from Trog
 32974 | Vaults:2 | Found Hopuod's Magic Scroll Emporium.
 32979 | Vaults:2 | Bought a scroll of vulnerability for 112 gold pieces
 32979 | Vaults:2 | Bought a scroll of enchant weapon for 112 gold pieces
 32979 | Vaults:2 | Bought a scroll of identify for 30 gold pieces
 32979 | Vaults:2 | Bought a scroll of identify for 30 gold pieces
 32979 | Vaults:2 | Bought a scroll of fear for 52 gold pieces
 33081 | Vaults:2 | Found a portal to a secret trove of treasure.
 33107 | Vaults:2 | Noticed Jory
 33119 | Vaults:2 | Received a gift from Trog
 33121 | Vaults:2 | Killed Jory
 33342 | Vaults:2 | Found Ricuklua's Book Shoppe.
 33613 | Vaults:3 | Found a glowing silver altar of Zin.
 33821 | Vaults:3 | Received a gift from Trog
 33983 | Vaults:3 | Got a transparent shortbow
 34010 | Vaults:3 | Reached skill level 19 in Fighting
 34560 | Vaults:3 | Found a staircase to the Crypt.
 34560 | Vaults:3 | Found a basalt altar of Yredelemnul.
 34561 | Vaults:3 | Found an ancient bone altar of Kikubaaqudgha.
 34564 | Vaults:3 | Identified the +10 shortbow "Xamaxt" {venom, +Blink MR+ Str-4 SInv} (You found it on level 3 of the Vaults)
 34943 | Vaults:4 | Found Qiohi's Book Boutique.
 34962 | Vaults:4 | Bought a manual of Dodging for 1545 gold pieces
 34997 | Vaults:4 | Received a gift from Trog
 35794 | Vaults:4 | Reached XP level 19. HP: 183/183 MP: 23/23
 35804 | Vaults:4 | Reached skill level 15 in Dodging
 36495 | D:13     | Bought an uncursed ring of poison resistance for 260 gold pieces
 36731 | Depths:1 | Entered Level 1 of the Depths
 36742 | Depths:1 | Found a gateway to Hell.
 36778 | Depths:1 | Found a magical portal.
 36807 | WizLab   | Entered Iskenderun's Mystic Tower
 36861 | Depths:1 | Found a one-way gate leading to the halls of Pandemonium.
 36875 | Depths:1 | Received a gift from Trog
 37068 | Depths:1 | Found a one-way gate to the infinite horrors of the Abyss.
 37584 | Depths:2 | Received a gift from Trog
 37598 | Depths:2 | Reached skill level 15 in Armour
 37606 | Depths:2 | Found a shattered altar of Ashenzari.
 37986 | Depths:2 | Received a gift from Trog
 37992 | Depths:2 | Noticed an ancient lich
 37996 | Depths:2 | Noticed an ancient lich
 38002 | Depths:2 | Killed an ancient lich
 38267 | Crypt:1  | Entered Level 1 of the Crypt
 38473 | Crypt:1  | Found a deep blue altar of Sif Muna.
 38495 | Crypt:1  | Reached skill level 20 in Fighting
 38574 | Crypt:1  | Reached XP level 20. HP: 121/193 MP: 24/24
 38782 | Crypt:1  | Received a gift from Trog
 38810 | Crypt:1  | Got a transparent bone amulet
 39403 | Elf:1    | Entered Level 1 of the Elven Halls
 39437 | Elf:1    | Identified the amulet of Sloth {RegenMP rElec} (You took it off a mummy priest on level 1 of the Crypt)
 39662 | Elf:1    | Received a gift from Trog
 39980 | Elf:2    | Received a gift from Trog
 40037 | Elf:2    | Found Yzaposh's Antique Weapon Boutique.
 40075 | Elf:2    | Found Iketh's Antique Weapon Boutique.
 40087 | Elf:2    | Found Eceaxidgh's Armour Shoppe.
 40135 | Elf:2    | Received a gift from Trog
 40171 | Elf:2    | Found a huge runed gate.
 40171 | Elf:2    | Found a huge runed gate.
 40171 | Elf:2    | Found a huge runed gate.
 40174 | Elf:2    | Found a huge runed gate.
 40182 | Elf:2    | Found a huge runed gate.
 40275 | Elf:2    | Found Ipnogge's Antique Armour Shop.
 40467 | Elf:3    | Entered Level 3 of the Elven Halls
 40525 | Elf:3    | Found Wautal's Gadget Boutique.
 40587 | Elf:3    | Found Umpeiveast's Jewellery Boutique.
 40587 | Elf:3    | Found Seorric's Antique Armour Shop.
 40588 | Elf:3    | Found Guemp's Antique Weapon Shop.
 40590 | Elf:3    | Found Pomeucid's Armour Boutique.
 40607 | Elf:3    | Bought a pair of glowing boots for 240 gold pieces
 40625 | Elf:3    | Noticed Donald
 40638 | Elf:3    | Killed Donald
 40975 | Elf:3    | Noticed Jorgrun
 40986 | Elf:3    | Killed Jorgrun
 41304 | Elf:3    | Received a gift from Trog
 41621 | Elf:3    | Gained mutation: Your flesh is cold resistant. (rC+) [a cacodemon]
 42037 | Elf:3    | Bought a +1 pair of boots of flying for 247 gold pieces
 42474 | Spider:1 | Received a gift from Trog
 42530 | Spider:1 | Reached XP level 21. HP: 202/202 MP: 25/25
 43754 | Spider:2 | Received a gift from Trog
 43767 | Spider:2 | Got a warped copper ring
 43850 | Spider:2 | Identified the ring "Pecheot" {+Fly rF- rC+ Int+8 Slay+3} (You found it on level 2 of the Spider Nest)
 44150 | Spider:3 | Noticed Bai Suzhen
 44163 | Spider:3 | Killed Bai Suzhen
 44336 | Spider:2 | Received a gift from Trog
 44414 | Spider:3 | Reached skill level 21 in Fighting
 44979 | Spider:3 | Received a gift from Trog
 45723 | Spider:4 | Entered Level 4 of the Spider Nest
 45836 | Spider:4 | Noticed Arachne
 45842 | Spider:4 | Noticed Agnes
 45854 | Spider:4 | Killed Agnes
 45858 | Spider:4 | Killed Arachne
 46068 | Spider:4 | Received a gift from Trog
 46567 | Spider:4 | Received a gift from Trog
 47453 | Spider:4 | Got a gossamer rune of Zot
 48028 | Depths:1 | Voluntarily entered the Abyss.
 48028 | Abyss:1  | Found a corrupted altar of Lugonu.
 48082 | Abyss:1  | Found a corrupted altar of Lugonu.
 48562 | Abyss:3  | Gained mutation: Your magical capacity is low. (-10% MP) [a neqoxec]
 48832 | Abyss:3  | Received a gift from Trog
 48954 | Abyss:3  | Found a sparkling altar of Nemelex Xobeh.
 48979 | Abyss:3  | Reached XP level 22. HP: 109/213 MP: 23/23
 49073 | Abyss:3  | Got an abyssal rune of Zot
 49168 | Abyss:3  | Received a gift from Trog
 49172 | Abyss:3  | Got a crystal battleaxe {god gift}
 49281 | Abyss:3  | Found a corrupted altar of Lugonu.
 49413 | Depths:1 | Escaped the Abyss
 49620 | Vaults:2 | You showed the abyssal rune of Zot to enter a treasure trove
 49621 | Trove    | Entered a treasure trove
 49628 | Trove    | Got a heavily runed cloak
 49636 | Trove    | Got a pair of bloodstained boots
 49644 | Trove    | Got a pair of warped gloves
 49648 | Trove    | Got a bloodstained buckler
 49656 | Trove    | Got a distressingly furry plate armour
 49688 | Vaults:2 | Identified the +4 battleaxe of Evisceration {elec, Fragile rElec rN+} (Trog gifted it to you on level 3 of the Abyss)
 49722 | Vaults:2 | Identified a +1 pair of boots of running (You found it in a treasure trove)
 49745 | Vaults:2 | Identified the +2 cloak of Eczanuc {Str+2 Dex+3 Slay+3} (You found it in a treasure trove)
 49781 | Vaults:2 | Identified the +1 pair of boots "Limuos" {Dex+2 Stlth+} (You found it in a treasure trove)
 49821 | Vaults:2 | Identified the +1 pair of gloves of Levity {MR+ Regen+} (You found it in a treasure trove)
 49841 | Vaults:2 | Identified the +1 plate armour of the Desert {rElec rC++ Str+4 Int-3} (You found it in a treasure trove)
 50027 | Vaults:5 | Entered Level 5 of the Vaults
 50027 | Vaults:5 | Noticed an ancient lich
 50163 | Vaults:5 | Killed an ancient lich
 50200 | Vaults:5 | Noticed Mara
 50203 | Vaults:5 | Killed Mara
 50227 | Vaults:5 | Received a gift from Trog
 50298 | Vaults:5 | Reached skill level 22 in Fighting
 50310 | Vaults:5 | Noticed Frederick
 50317 | Vaults:5 | Killed Frederick
 50331 | Vaults:5 | Got a silver rune of Zot
 50424 | Vaults:5 | Got twisted pearl dragon scales
 50425 | Vaults:5 | Identified the +3 pearl dragon scales "Yffonwon" {*Drain rElec rN+ Regen+ rCorr} (You took it off a yaktaur captain on level 5 of the Vaults)
 50454 | Vaults:5 | Noticed a golden dragon
 50491 | Vaults:5 | Killed a golden dragon
 50664 | Vaults:5 | Reached XP level 23. HP: 204/223 MP: 24/24
 50683 | Vaults:5 | Noticed an ancient lich
 50712 | Vaults:5 | Killed an ancient lich
 50744 | Vaults:5 | Received a gift from Trog
 50873 | Vaults:5 | Received a gift from Trog
 50988 | Vaults:5 | Identified the Tome of Igneous Poison
 51016 | Vaults:5 | Identified the Incunabulum of Poison and Confrontation
 51039 | Vaults:5 | Got a dazzling battleaxe {elec}
 51079 | Vaults:5 | Received a gift from Trog
 51150 | Vaults:5 | Identified the cursed +0 battleaxe of Etoshit {elec, *Drain +Fly rF+} (You took it off a tengu reaver on level 5 of the Vaults)
 51190 | Vaults:5 | Got an ancient jade ring
 51191 | Vaults:5 | Identified the ring "Wetras" {+Blink rC+ MR+++ AC+1 Dex-3} (You took it off a deep elf knight on level 5 of the Vaults)
 51357 | Vaults:5 | Identified the Catalogue of Vitriolic Snow
 53115 | Swamp:2  | Identified the cursed +0 pair of gloves of the Equator {+Blink Dex+2} (You found it on level 2 of the Swamp)
 53215 | Slime:1  | Entered Level 1 of the Pits of Slime
 53307 | Slime:3  | Received a gift from Trog
 53355 | Slime:3  | Lost mutation: Your magical capacity is low. (-10% MP) [a shining eye]
 53373 | Slime:5  | Entered Level 5 of the Pits of Slime
 53424 | Slime:5  | Received a gift from Trog
 53463 | Slime:5  | Gained mutation: You are frail. (-10% HP) [a shining eye]
 53464 | Slime:5  | Gained mutation: You are dopey. (Int -2) [a shining eye]
 53734 | Slime:4  | Gained mutation: Your magical capacity is low. (-10% MP) [a shining eye]
 53739 | Slime:4  | Noticed Dissolution
 53856 | Slime:5  | Found a viscous altar of Jiyva.
 53857 | Slime:5  | Noticed the Royal Jelly
 53885 | Slime:5  | Killed the Royal Jelly
 53885 | Slime:5  | Reached skill level 23 in Fighting
 53885 | Slime:5  | Reached XP level 24. HP: 174/211 MP: 13/24
 54002 | Slime:5  | Got a slimy rune of Zot
 54069 | Slime:5  | Lost mutation: Your magical capacity is low. (-10% MP) [potion of mutation]
 54069 | Slime:5  | Lost mutation: You are dopey. (Int -2) [potion of mutation]
 54069 | Slime:5  | Lost mutation: Your flesh is cold resistant. (rC+) [potion of mutation]
 54069 | Slime:5  | Lost mutation: You are frail. (-10% HP) [potion of mutation]
 54069 | Slime:5  | Gained mutation: You passively map a small area around you. [potion of mutation]
 54069 | Slime:5  | Gained mutation: You can translocate small distances at will. [potion of mutation]
 54069 | Slime:5  | Gained mutation: Scrolls take you a little longer to read. [potion of mutation]
 54069 | Slime:5  | Gained mutation: You passively map the area around you. [potion of mutation]
 54325 | Temple   | Entered the Ecumenical Temple
 54647 | Depths:2 | Killed an ancient lich
 54716 | Depths:2 | Received a gift from Trog
 54772 | Depths:2 | Identified the Reference Book on the Gliding Rocks
 54807 | Depths:2 | Identified the Papyrus of Evil
 55091 | Depths:3 | Received a gift from Trog
 55189 | Depths:3 | Reached skill level 24 in Fighting
 55225 | Depths:3 | Paralysed by a floating eye for 2 turns
 55276 | Depths:3 | Received a gift from Trog
 55311 | Depths:3 | Received a gift from Trog
 55522 | Depths:3 | Found a runed door.
 55646 | Depths:3 | Got a coiled brass amulet
 55649 | Depths:3 | Identified the amulet "Zauxedgh" {Reflect -Tele rN++ SH+3} (You acquired it on level 3 of the Depths)
 56266 | Depths:4 | Reached XP level 25. HP: 247/247 MP: 27/27
 56298 | Depths:4 | Reached skill level 25 in Fighting
 56432 | Depths:4 | Received a gift from Trog
 56546 | Depths:4 | Received a gift from Trog
 56843 | Depths:4 | Paralysed by a floating eye for 3 turns
 56865 | Depths:4 | Paralysed by a floating eye for 3 turns
 57401 | Depths:4 | Found a corrupted altar of Lugonu.
 57434 | Depths:4 | Found a gateway to a ziggurat.
 57436 | Depths:4 | Paralysed by a floating eye for 2 turns
 57456 | Depths:4 | Found Ashun's Armour Shop.
 57456 | Depths:4 | Paralysed by a floating eye for 2 turns
 57508 | Depths:4 | Paralysed by a floating eye for 4 turns
 57533 | Depths:4 | Found Fegyed's Gadget Shoppe.
 57538 | Depths:4 | Found Nuxaer's Distillery.
 57551 | Depths:4 | Bought 2 potions of heal wounds for 120 gold pieces
 57551 | Depths:4 | Bought a potion of heal wounds for 60 gold pieces
 57551 | Depths:4 | Bought a potion of heal wounds for 60 gold pieces
 57551 | Depths:4 | Bought a potion of curing for 36 gold pieces
 57632 | Depths:4 | Received a gift from Trog
 57654 | Depths:4 | Found Zis Taer's Antique Armour Boutique.
 57670 | Depths:4 | Found Doxtaexo's Distillery.
 57707 | Depths:4 | Bought a potion of might for 92 gold pieces
 57707 | Depths:4 | Bought a potion of heal wounds for 115 gold pieces
 57707 | Depths:4 | Bought a potion of might for 92 gold pieces
 57707 | Depths:4 | Bought a potion of agility for 92 gold pieces
 57707 | Depths:4 | Bought a potion of might for 92 gold pieces
 57943 | Depths:5 | Entered Level 5 of the Depths
 57950 | Depths:5 | Reached skill level 26 in Fighting
 58042 | Depths:5 | Found a gate to the Realm of Zot.
 58267 | Depths:5 | Noticed a juggernaut
 58282 | Depths:5 | Killed a juggernaut
 58648 | Depths:5 | Found Noutt's Book Boutique.
 58729 | Depths:5 | Identified the +0 pair of gloves of Lidikor {MR++ Regen+ rCorr Int-5} (You found it on level 5 of the Depths)
 58859 | Zot:1    | Entered Level 1 of the Realm of Zot
 58878 | Zot:1    | Received a gift from Trog
 58881 | Zot:1    | Reached XP level 26. HP: 263/263 MP: 27/27
 59243 | Zot:1    | Reached skill level 27 in Fighting
 60028 | Zot:2    | Received a gift from Trog
 60062 | Zot:2    | Received a gift from Trog
 60315 | Zot:2    | Found a hide-covered altar of Uskayaw.
 61209 | Zot:3    | Received a gift from Trog
 61221 | Zot:3    | Identified the +5 battleaxe "Ufiownoeda" {speed, Str+3} (Trog gifted it to you on level 3 of the Realm of Zot)
 61666 | Zot:4    | Noticed an orb of fire
 61679 | Zot:4    | Killed an orb of fire
 61747 | Zot:4    | Reached XP level 27. HP: 272/272 MP: 3/27
 61824 | Zot:4    | Noticed an orb of fire
 61842 | Zot:4    | Killed from afar by an orb of fire

Skill      XL: |  1  2  3  4  5  6  7  8  9 10 11 12 13 14 15 16 17 18 19 20 21 22 23 24 25 26 |
---------------+-------------------------------------------------------------------------------+-----
Fighting       | 4 5 6 7 8 9 10 11 12 13 14 15 16 18 19 20 21 22 23 24 26 27 | 27.0
Axes           | 4 5 7 8 9 11 13 14 16 17 18 19 20 21 22 23 24 26 | 26.0
Evocations     | 1 3 4 6 7 |  7.6
Bows           | 3 6 8 9 11 12 13 14 16 | 16.9
Armour         | 3 5 7 10 11 13 14 15 16 17 18 19 20 21 24 | 24.7
Dodging        | 3 5 7 9 10 11 12 13 14 17 19 20 21 22 23 24 | 24.1

Action                   |  1- 3 |  4- 6 |  7- 9 | 10-12 | 13-15 | 16-18 | 19-21 | 22-24 | 25-27 || total
-------------------------+-------+-------+-------+-------+-------+-------+-------+-------+-------++-------
Melee: Hand axe          |    72 |   112 |   335 |   273 |       |       |       |       |       ||   792
       Headbutt          |    11 |    20 |    86 |   106 |    91 |   199 |   286 |   381 |   340 ||  1520
       Battleaxe         |       |       |       |   133 |   465 |   668 |   594 |   816 |   796 ||  3472
       Executioner's axe |       |       |       |       |     4 |       |   385 |   185 |     9 ||   583
       Trident           |       |       |       |       |       |    79 |       |       |       ||    79
 Fire: Shortbow          |       |       |    15 |   244 |   930 |   749 |   533 |       |       ||  2471
       Blowgun           |       |       |       |     5 |       |       |       |       |       ||     5
       Longbow           |       |       |       |       |    63 |    27 |    51 |    90 |       ||   231
Throw: Javelin           |       |       |       |     1 |       |       |       |       |       ||     1
Invok: Trog's Hand       |       |     2 |     3 |     3 |     4 |     3 |     1 |     6 |       ||    22
       Berserk           |       |     2 |     5 |     9 |     3 |     5 |       |       |       ||    24
       Burn Spellbooks   |       |       |       |     1 |     3 |     1 |     6 |       |       ||    11
       Brothers in Arms  |       |       |       |     1 |     5 |     1 |     4 |     3 |       ||    14
 Abil: Blink             |       |       |       |       |       |       |       |       |     4 ||     4
Evoke: Wand              |       |       |       |     2 |     5 |       |       |     1 |     1 ||     9
       Lamp of fire      |       |       |       |       |       |       |       |       |     1 ||     1
  Use: Scroll            |       |     3 |     2 |    17 |    13 |    18 |    24 |     8 |     8 ||    93
       Potion            |       |       |     1 |       |     2 |     2 |     2 |     8 |     3 ||    18
 Stab: Sleeping          |     1 |       |       |       |       |       |       |       |       ||     1
       Confused          |       |       |       |       |     2 |       |       |       |       ||     2
       Distracted        |       |       |       |       |       |       |     2 |     2 |     1 ||     5
  Eat: Chunk             |     2 |     7 |    14 |    19 |    20 |    50 |    71 |    23 |     6 ||   212
       Royal jelly       |       |       |     1 |     4 |     6 |     2 |     1 |     8 |     1 ||    23
       Fruit             |       |       |     1 |     2 |    11 |     3 |    15 |    13 |    11 ||    56
       Meat ration       |       |       |       |       |       |     2 |       |       |       ||     2
       Bread ration      |       |       |       |       |       |     1 |       |       |       ||     1
Armor: Animal skin       |     2 |       |       |       |       |       |       |       |       ||     2
       Leather armour    |    10 |       |       |       |       |       |       |       |       ||    10
       Ring mail         |     3 |    32 |    83 |    67 |   181 |    75 |       |       |       ||   441
       Pearl dragon scal |       |       |       |       |       |   136 |   411 |   318 |   277 ||  1142
       Plate armour      |       |       |       |       |       |    21 |       |       |       ||    21
Dodge: Dodged            |    30 |    42 |   138 |   214 |   390 |   487 |   842 |   841 |   851 ||  3835
Block: Buckler           |     5 |     8 |    19 |       |       |       |       |       |       ||    32
